[Event "21è Open International d'Echecs de Menton"]
[Site "Menton, France"]
[Date "2024.11.02"]
[Round "9.1"]
[White "Jean-Marc, DEGRAEVE 2479"]
[Black "Matteo, RATIER-FONTANA 2146"]
[Result "1-0"]
[TimeControl "90'+30''/40m + 30'+30''"]
[WhiteTitle "GM"]
[WhiteFideId "600270"]
[BlackFideId "36035319"]
[WhiteElo "2479"]
[BlackElo "2146"]

1. e4 c6 2. d4 d5 3. exd5 cxd5 4. Bd3 Nc6 5. c3 e6 6. Bf4 Bd6 7. Bxd6 Qxd6 8. Nf3 Nge7 9. O-O f6 10.
c4 O-O 11. Nc3 dxc4 12. Bxc4 Nd5 13. Re1 Nxc3 14. bxc3 Bd7 15. Bd3 Rab8 16. Qc2 h6 17. Qe2 Ne7 18. Qe4 Kf7 19. c4 Bc6 20.
d5 exd5 21. cxd5 Bxd5 22. Bc4 Bxc4 23. Qxc4+ Nd5 24. Rad1 Rfd8 25. Nd4 Rbc8 26. Qb3 Qb4 27. Ne6 Qxb3 28. Nxd8+ Rxd8 29. axb3 Rd7 30.
Re4 Rc7 31. Rc4 Re7 32. Kf1 Nb6 33. Rc5 Kg6 34. Rd3 Kh7 35. h4 Kg6 36. h5+ Kf7 37. Rdc3 Ke8 38. Rc7 Nd5 39. Rxe7+ Kxe7 40.
Rc8 1-0

[Event "21è Open International d'Echecs de Menton"]
[Site "Menton, France"]
[Date "2024.11.02"]
[Round "9.3"]
[White "David, LACAN-RUS 2257"]
[Black "Christophe, KELLER 1957"]
[Result "1-0"]
[TimeControl "90'+30''/40m + 30'+30''"]
[WhiteTitle "FM"]
[WhiteFideId "651023075"]
[BlackFideId "604348"]
[WhiteElo "2257"]
[BlackElo "1957"]

1. d4 e6 2. c4 b6 3. a3 Bb7 4. d5 f5 5. Nc3 Nf6 6. Nf3 Bd6 7. e3 Na6 8. b4 c5 9. dxc6 dxc6 10.
Be2 e5 11. Qc2 e4 12. Nd4 Qd7 13. Bb2 c5 14. Ndb5 Be5 15. Rd1 Qe7 16. Nd5 Nxd5 17. cxd5 Qf6 18. Bxe5 Qxe5 19. d6 O-O 20.
d7 cxb4 21. Bc4+ Kh8 22. Nd6 b3 23. d8=Q Qa5+ 24. Qd2 Raxd8 25. Qxa5 1-0